 Dungeon Crawl Stone Soup version 0.30-a0-639-g3916f1956a (webtiles) character file.

Game seed: 3292990454641987541

159 Sabo the Firebug (level 5, 0/31 HPs)
             Began as an Octopode Fire Elementalist on Jan 16, 2023.
             Was an Initiate of Gozag.
             Slain by Ijyb
             ... wielding a +0 dagger
              (1 damage)
             ... on level 4 of the Dungeon.
             The game lasted 00:19:28 (4019 turns).

Sabo the Firebug (Octopode Fire Elementalist)       Turns: 4019, Time: 00:19:29

Health: 0/31       AC:  0    Str:  7    XL:     5   Next: 40%
Magic:  8/9        EV: 14    Int: 19    God:    Gozag
Gold:   159        SH:  0    Dex: 13    Spells: 7/10 levels left

rFire   . . .      SeeInvis .    (weapon currently unavailable)
rCold   . . .      Faith    .    (shield currently unavailable)
rNeg    . . .      Spirit   .    (helmet currently unavailable)
rPois   .          Reflect  .    (no amulet)
rElec   .          Harm     .    (ring currently unavailable)
rCorr   .          Rampage  .    (ring currently unavailable)
Will    .....                    (ring currently unavailable)
Stlth   ++                       (ring currently unavailable)
HPRegen 0.25/turn                (ring currently unavailable)
MPRegen 0.11/turn                (ring currently unavailable)
                                 (ring currently unavailable)
                                 (ring currently unavailable)

@: lethally poisoned (0 -> -10), pig-form (expiring), very quick
A: fast, no casting, almost no armour, (amphibious), (8 rings), small,
(camouflage 1), (gelatinous body 1), (nimble swimmer 1), (tentacles)
a: Renounce Religion, Potion Petition, Call Merchant, Bribe Branch


You were on level 4 of the Dungeon.
You worshipped Gozag.
Gozag was aware of your devotion.
You were a filthy swine.
You visited 1 branch of the dungeon, and saw 4 of its levels.

You collected 201 gold pieces.
You paid 42 gold pieces to Gozag.

Inventory:

Hand Weapons
 k - a +0 sling
 l - a +0 short sword of draining (melded)
Missiles
 m - 6 poisoned darts (quivered)
Jewellery
 g - a +6 ring of strength (melded)
Scrolls
 i - a scroll of fog
 j - a scroll of magic mapping {unknown}
 n - a scroll of immolation {unknown}
 o - 3 scrolls of blinking {unknown}
Potions
 a - a potion of magic
 b - a potion of flight {unknown}
 c - 4 potions of curing
 d - 3 potions of haste {unknown}
 e - a potion of cancellation {unknown}
 f - a potion of attraction {unknown}
 h - a potion of degeneration {unknown}


   Skills:
 + Level 0.1 Fighting
 + Level 0.5 Short Blades
 + Level 2.3 Dodging
 + Level 3.4 Stealth
 + Level 3.1 Spellcasting
 + Level 1.8 Conjurations
 + Level 4.3 Fire Magic


You had 7 spell levels left.
You knew the following spells:

 Your Spells              Type           Power      Damage    Failure   Level
a - Foxfire               Conj/Fire      56%        2x1d6     4%          1
b - Scorch                Fire           38%        2d7       3%          2

Your spell library contained the following spells:

 Spells                   Type           Power      Damage    Failure   Level
 Sandblast                Erth           6%         2d5       16%         1
 Inner Flame              Hex/Fire       11%        N/A       19%         3
 Passwall                 Tmut/Erth      2%         N/A       22%         2
 Kindle Blastsparks       Fire/Tloc/Air  16%        2d11      26%         3
 Stone Arrow              Conj/Erth      12%        3d7       30%         3
 Flame Wave               Conj/Fire      14%        2d6       38%         4


Dungeon Overview and Level Annotations

Branches:
Dungeon (4/15)
 Temple: D:4-7

Altars:
Gozag

Shops:
D:1 :

Annotations:
D:4 Ijyb


Innate Abilities, Weirdness & Mutations

You are a filthy swine.
You move quickly.
Your equipment is almost entirely melded.
You are incapable of wielding weapons or throwing items.
You cannot cast spells.
You cannot wear most types of armour.
((You are amphibious.))
((You can wear up to eight rings at the same time.))
((Your skin changes colour to match your surroundings (Stealth+).))
((Your rubbery body absorbs attacks. (AC +1, EV +1)))
((You are camouflaged when in or above water. (Stealth+)))
((You have tentacles for arms and can constrict up to eight enemies at once.))


Message History

You closely miss Ijyb.
Ijyb is lightly wounded.
The adder closely misses you. Ijyb hits you with a +0 dagger.
You hit the adder but do no damage. The adder barely misses you.
The adder misses you. Ijyb hits you with a +0 dagger.
You miss the adder. The adder bites you.
You closely miss the adder. Ijyb closely misses you.
A goblin comes into view. It is wielding a +2 dagger of venom.
The adder bites you.
You closely miss the adder.
Your transformation is almost over.
Ijyb closely misses you. The adder closely misses you.
You hit the adder but do no damage. The adder barely misses you.
Ijyb closely misses you.
You can't do that in your present form.
Unknown command.
You can't do that in your present form.
You can't do that in your present form.
You closely miss the adder. The adder bites you.
* * * LOW HITPOINT WARNING * * *
Ijyb misses you.
You closely miss the adder. The adder closely misses you. Ijyb misses you.
The adder misses you.
You closely miss the adder. Ijyb hits you with a +0 dagger.
* * * LOW HITPOINT WARNING * * *
The adder bites you.
* * * LOW HITPOINT WARNING * * *
You closely miss Ijyb.
Ijyb is lightly wounded.
The adder misses you.
You hit Ijyb but do no damage.
Ijyb is lightly wounded.
The adder bites you.
* * * LOW HITPOINT WARNING * * *
The goblin hits you with a +2 dagger of venom.
* * * LOW HITPOINT WARNING * * *
You are lethally poisoned!
Ijyb hits you with a +0 dagger.
You die...
Your body crumbles into a pile of gold.

#...#....#.#
#....#..#..#
#....###...#
##...###[...#
##...#..#)...#
#...#....#.:.##
#.#.#.....##..#
...#......gS...# $
#.#######)..hg...#
#. ####.#...... #
.###..... .. ####.
#.. #/. #.. #..


You could see Ijyb, an adder and a goblin.

Vanquished Creatures
  A scorpion (D:4)
  An orc priest (D:3)
  An adder (D:3)
  A worm (D:4)
  2 dart slugs
  4 orcs (D:3)
  6 ball pythons
  5 endoplasms
  2 giant cockroaches
  2 goblins
  7 hobgoblins
  3 quokkas
  4 bats
  3 frilled lizards
  7 kobolds
  4 rats
53 creatures vanquished.

Vanquished Creatures (others)
  104 foxfires
  A plant (D:4)
105 creatures vanquished.

Grand Total: 158 creatures vanquished

Notes
Turn   | Place    | Note
-------+----------+-------------------------------------------
     0 | D:1      | Sabo the Octopode Fire Elementalist began the quest for the
                  | Orb.
     0 | D:1      | Reached XP level 1. HP: 11/11 MP: 3/3
    30 | D:1      | Found Ceroul's Book Emporium.
   292 | D:1      | Reached XP level 2. HP: 17/17 MP: 0/5
  1390 | D:2      | Reached XP level 3. HP: 8/21 MP: 4/6
  2868 | D:3      | Found an opulent altar of Gozag.
  3009 | D:3      | Reached XP level 4. HP: 27/27 MP: 5/7
  3055 | D:3      | Reached skill level 4 in Fire Magic
  3208 | D:3      | Learned a level 2 spell: Scorch
  3581 | D:3      | Became a worshipper of Gozag Ym Sagoz the Greedy
  3798 | D:4      | Noticed a scorpion
  3806 | D:4      | Killed a scorpion
  3807 | D:4      | Reached XP level 5. HP: 27/31 MP: 0/9
  3994 | D:4      | Noticed Ijyb
  4019 | D:4      | HP: 1/31 [goblin/+2 dagger of venom (4)]
  4019 | D:4      | Slain by Ijyb

Illustrated notes

Levels and vault maps discovered:
D:1:      dpeg_arrival_court, layout_basic, serial_shops, nicolae_square_shop
D:2:      layout_basic, grunt_decor_mini_mirrors
D:3:      layout_rooms, nicolae_gozag_cash_rules_everything_around_me
D:4:      layout_layer_cave, serial_bayou_pond_d, minmay_misc_feat_chi,
          dreamdust_wishing_well, uniq_ijyb

Skill      XL: |  1  2  3  4 |
---------------+-------------+-----
Stealth        | 3 |  3.4
Fire Magic     | 4 |  4.3
Spellcasting   | 3 |  3.1
Fighting       | |  0.1
Short Blades   | |  0.5
Dodging        | |  2.3
Conjurations   | |  1.8

Action                   |  1- 3 |  4- 6 || total
-------------------------+-------+-------++-------
Melee: Dagger            |     9 |       ||     9
       Constrict         |     5 |     2 ||     7
       Tentacles         |     2 |     1 ||     3
       Short sword       |     8 |    10 ||    18
       Unarmed           |       |    18 ||    18
Throw: Dart              |     1 |     1 ||     2
 Cast: Foxfire           |    52 |     8 ||    60
       Scorch            |       |    12 ||    12
  Use: Scroll            |     2 |       ||     2
Armor: Skin              |     1 |       ||     1
Dodge: Dodged            |    14 |    28 ||    42

Table legend: (Time is in decaauts)
 A = Elapsed time spent in this place.
 B = Non-inter-level travel time spent in this place.
 C = Inter-level travel time spent in this place.
 D = Time resting spent in this place.
 E = Time spent auto-exploring this place.
 F = Levels seen in this place.
 G = Mean time per level.
                   A        B        C        D        E       F      G
               +--------+--------+--------+--------+--------+-----+--------+
         Total |   4013 |   4013 |      0 |   1208 |      0 |   4 | 1003.2 |
       Dungeon |   4013 |   4013 |      0 |   1208 |      0 |   4 | 1003.2 |
               +--------+--------+--------+--------+--------+-----+--------+

Top non-repeatable levels by time:
     D:1: 1328 daAuts
     D:2: 1294 daAuts
     D:3: 1060 daAuts
     D:4: 330 daAuts
